 Dungeon Crawl Stone Soup version 0.28.0-43-g3370ac3207 (webtiles) character file.

Game seed: 16077591608002580620

4300 vvl the Geomancer (level 10, -2/69 HPs)
             Began as a Yellow Draconian Air Elementalist on Mar 14, 2022.
             Was a Believer of Vehumet.
             Slain by a death yak (26 damage)
             ... on level 8 of the Dungeon.
             The game lasted 00:21:34 (12635 turns).

vvl the Geomancer (DrAE)                           Turns: 12635, Time: 00:21:35

Health: -2/69      AC:  8    Str: 17    XL:     10   Next: 11%
Magic:  15/19      EV: 12    Int: 26    God:    Vehumet [**....]
Gold:   406        SH:  0    Dex: 11    Spells: 10/21 levels left

rFire   . . .      SeeInvis .   l - +2 dagger (venom)
rCold   . . .      Faith    .   (no shield)
rNeg    . . .      Spirit   .   (armour unavailable)
rPois   .          Reflect  .   (helmet restricted)
rElec   .          Harm     .   m - +0 cloak
rCorr   +          Rampage  .   (no gloves)
Will    .....                   (no boots)
Stlth   ++........              (no amulet)
HPRegen 0.21/turn               u - +6 ring of strength
MPRegen 0.16/turn               s - +6 ring of intelligence

@: no status effects
A: spit acid, AC +7, unfitting armour, cold-blooded, acid resistance
a: Breathe Acid, Renounce Religion


You were on level 8 of the Dungeon.
You worshipped Vehumet.
Vehumet was pleased with you.
You visited 2 branches of the dungeon, and saw 10 of its levels.

You collected 406 gold pieces.

Inventory:

Hand Weapons
 d - a +1 spear of venom
 g - a +2 quarterstaff of chaos
 h - the +8 war axe of Ijag {holy, rF+}
   (You found it on level 7 of the Dungeon)

   It has been blessed by the Shining One to cause great damage to the undead
   and demons.
   rF:        It protects you from fire.
 l - a +2 dagger of venom (weapon)
 n - a +1 short sword of freezing
 q - a +4 spear
 A - a +2 whip of flaming
 B - a +0 flail of holy wrath
Armour
 m - a +0 cloak (worn)
Jewellery
 s - a +6 ring of intelligence (right hand)
 u - a +6 ring of strength (left hand)
Wands
 v - a wand of polymorph (5)
 y - a wand of acid (7)
 z - a wand of iceblast (5)
Scrolls
 e - a scroll of enchant weapon {unknown}
 j - a scroll of torment
 k - 2 scrolls of amnesia
 r - a scroll of blinking
 w - a scroll of fear {unknown}
 x - a scroll of teleportation
Potions
 a - 5 potions of curing
 b - a potion of berserk rage
 c - 2 potions of lignification {unknown}
 f - 2 potions of mutation {unknown}
 i - 2 potions of ambrosia {unknown}
 o - 3 potions of heal wounds {unknown}
 p - a potion of magic {unknown}
 t - a potion of flight {unknown}


   Skills:
 - Level 2.0 Dodging
 - Level 2.0 Stealth
 + Level 6.3 Spellcasting
 + Level 6.5 Conjurations
 + Level 7.6 Air Magic
 * Level 8.9 Earth Magic


You had 10 spell levels left.
You knew the following spells:

 Your Spells              Type           Power      Damage    Failure   Level
a - Shock                 Conj/Air       100%       1d9       1%          1
b - Swiftness             Air            48%        N/A       1%          3
c - Airstrike             Air            24%        N/A       2%          4
d - Stone Arrow           Conj/Erth      96%        3d13      1%          3

Your spell library contained the following spells:

 Spells                   Type           Power      Damage    Failure   Level
 Poisonous Vapours        Pois/Air       56%        N/A       1%          2
 Magic Dart               Conj           100%       1d8       1%          1
 Passwall                 Tmut/Erth      25%        N/A       1%          2
 Searing Ray              Conj           84%        2d7       1%          2
 Static Discharge         Conj/Air       45%        N/A       1%          2
 Ensorcelled Hibernation  Hex/Ice        16%        N/A       11%         2
 Fulminant Prism          Conj/Hex       12%        3d9       17%         4
 Frozen Ramparts          Ice            16%        1d3       21%         3
 Inner Flame              Hex/Fire       8%         N/A       21%         3
 Cause Fear               Hex            4%         N/A       56%         4
 Ice Form                 Ice/Tmut       8%         N/A       56%         4
 Summon Ice Beast         Ice/Summ       8%         N/A       56%         4
 Discord                  Hex            4%         N/A       100%        8
 Lehudib's Crystal Spear  Conj/Erth      24%        10d7      100%        8
 Animate Armour           Summ/Erth      Unusable   N/A       N/A         4

Dungeon Overview and Level Annotations

Branches:
Dungeon (9/15)             Temple (1/1) D:4
   Lair: D:8-11         Orc: D:9-12

Altars:
Ashenzari
Cheibriados
Elyvilon
Fedhas
Gozag
Hepliaklqana
Kikubaaqudgha
Makhleb
Nemelex Xobeh
Okawaru
Qazlal
Ru
Sif Muna
Trog
Uskayaw
Vehumet
Wu Jian
Xom
Yredelemnul
Zin
The Shining One


Innate Abilities, Weirdness & Mutations

You can spit globs of acid.
Your golden yellow scales are hard. (AC +7)
You cannot fit into any form of body armour.
You are cold-blooded and may be slowed by cold attacks.
You are resistant to acid. (rCorr)


Message History

There is a stone staircase leading down here.
You hit the death yak.
The death yak looks as sick as possible!
The death yak is heavily wounded.
The death yak gores you but does no damage.
You barely miss the death yak.
You tail-slap the death yak, but do no damage.
The death yak is heavily wounded.
The death yak gores you!
You hit the death yak.
The death yak looks as sick as possible!
You tail-slap the death yak.
The death yak is severely wounded.
The death yak gores you.
Casting: Shock (safe; 1% risk of failure)
Confirm with . or Enter, or press ? or * to list all spells.
Aiming: Shock (safe; 1% risk of failure)
Press: ? - help, Shift-Dir - straight line, f - death yak
Aim: a death yak (severely wounded, extremely poisoned, covered in acid, 91% to hit)
The zap hits the death yak.
The death yak is severely wounded.
The death yak barely misses you.
Casting: Shock (safe; 1% risk of failure)
Confirm with . or Enter, or press ? or * to list all spells.
Aiming: Shock (safe; 1% risk of failure)
Press: ? - help, Shift-Dir - straight line, f/p - death yak
Aim: a death yak (severely wounded, extremely poisoned, covered in acid, 91% to hit)
The zap hits the death yak!
The death yak is almost dead.
The death yak gores you.
Casting: Shock (safe; 1% risk of failure)
Confirm with . or Enter, or press ? or * to list all spells.
Aiming: Shock (safe; 1% risk of failure)
Press: ? - help, Shift-Dir - straight line, f/p - death yak
Aim: a death yak (almost dead, extremely poisoned, covered in acid, 91% to hit)
The zap hits the death yak.
The death yak is almost dead.
You have got your breath back.
The death yak gores you!!
You die...

#.########### #...# ##.
#...........# ##..####.
#...<.......# #.....#.
##..........# ##.##..#
#####..........# #.###..
##..##..........# #.# ##.
#....#..........# #.# #.
#.##.#..........# #.# ##
#.##.#....@Y....#####.# #
#....###....#......##.#####
###......#..#......##.##...
#...##....##.....##.##.##
##......#.........##...[#
##......(..........##..###
#...........#......#...#
#...........##........## #
#..................##.# #


You could see a death yak (extremely poisoned, corroded).

Vanquished Creatures
  A death yak (D:9)
  Pikel (D:7)
  5 yaks (D:8)
  A wyvern (D:7)
  A steam dragon (D:7)
  An acid dragon (D:9)
  An orc warrior (D:9)
  A black bear (D:7)
  A necrophage (D:7)
  3 sky beasts
  An ice beast (D:6)
  An ogre (D:5)
  A phantom (D:7)
  2 centaurs
  2 lemures (D:7)
  A kobold brigand (D:8)
  3 scorpions
  2 howler monkeys (D:7)
  A centaur zombie (D:9)
  A jelly (D:6)
  A hound (D:6)
  Crazy Yiuf (D:3)
  5 orc priests
  2 gnoll shamans
  A bullfrog skeleton (D:5)
  Jessica (D:3)
  Terence (D:2)
  5 orc wizards
  An iguana (D:6)
  A killer bee zombie (D:5)
  A hound skeleton (D:5)
  16 gnolls
  5 adders
  2 shadow imps
  2 white imps
  2 worms (D:2)
  4 dart slugs
  24 orcs
  7 ball pythons
  9 endoplasms
  6 giant cockroaches
  7 goblins
  10 hobgoblins
  4 jackals
  6 quokkas
  2 bats (D:1)
  2 frilled lizards (D:1)
  11 kobolds
  6 rats
176 creatures vanquished.

Notes
Turn   | Place    | Note
-------+----------+-------------------------------------------
     0 | D:1      | vvl the Draconian Air Elementalist began the quest for the
                  | Orb.
     0 | D:1      | Reached XP level 1. HP: 14/14 MP: 3/3
   363 | D:1      | Reached XP level 2. HP: 9/20 MP: 0/5
   982 | D:1      | Reached XP level 3. HP: 26/26 MP: 0/6
  1353 | D:1      | Reached skill level 1 in Earth Magic
  2086 | D:2      | Reached XP level 4. HP: 33/33 MP: 0/7
  2682 | D:2      | Noticed Terence
  2694 | D:2      | Killed Terence
  2695 | D:2      | Reached XP level 5. HP: 4/38 MP: 2/9
  3914 | D:3      | Found a faded altar of an unknown god.
  4053 | D:3      | Reached skill level 2 in Earth Magic
  4299 | D:3      | Found a runed translucent door.
  4300 | D:3      | Noticed Crazy Yiuf
  4503 | D:3      | Noticed Jessica
  4509 | D:3      | Killed Jessica
  4632 | D:3      | Killed Crazy Yiuf
  4633 | D:3      | Reached XP level 6. HP: 42/45 MP: 7/10
  4920 | D:4      | Found a staircase to the Ecumenical Temple.
  4993 | Temple   | Entered the Ecumenical Temple
  4998 | Temple   | Learned a level 3 spell: Swiftness
  5122 | Temple   | Became a worshipper of Vehumet
  5401 | D:4      | Learned a level 4 spell: Airstrike
  5405 | D:4      | Learned a level 3 spell: Stone Arrow
  5475 | D:4      | Reached skill level 3 in Earth Magic
  5763 | D:5      | Entered Level 5 of the Dungeon
  5947 | D:5      | Reached skill level 5 in Air Magic
  6464 | D:5      | Your scales start taking on a golden yellow colour.
  6464 | D:5      | Reached XP level 7. HP: 43/50 MP: 2/12
  6464 | D:5      | Gained mutation: You are resistant to acid. (rCorr) [Yellow
                  | Draconian growth]
  6641 | D:5      | Reached skill level 4 in Earth Magic
  6863 | D:5      | Found a glowing silver altar of Zin.
  7337 | D:6      | Found a sparkling altar of Nemelex Xobeh.
  7617 | D:6      | Reached * piety under Vehumet
  7617 | D:6      | Offered knowledge of Magic Dart by Vehumet.
  7771 | D:6      | Found a bloodstained altar of Trog.
  7771 | D:6      | Found a shimmering blue altar of Sif Muna.
  7771 | D:6      | Found an opulent altar of Gozag.
  7989 | D:6      | Reached skill level 5 in Earth Magic
  8230 | D:6      | Reached XP level 8. HP: 57/57 MP: 7/14
  8969 | D:7      | Reached skill level 6 in Earth Magic
  9396 | D:7      | Reached skill level 5 in Spellcasting
  9396 | D:7      | Reached skill level 5 in Conjurations
  9666 | D:7      | Noticed Pikel
  9680 | D:7      | Killed Pikel
  9681 | D:7      | Reached skill level 7 in Earth Magic
  9681 | D:7      | Reached XP level 9. HP: 17/62 MP: 6/17
 10071 | D:7      | Identified the +8 war axe of Ijag {holy, rF+}
 10742 | D:8      | Offered knowledge of Poisonous Vapours by Vehumet.
 10883 | D:8      | Reached ** piety under Vehumet
 10893 | D:8      | Reached skill level 8 in Earth Magic
 11431 | D:9      | Noticed a death yak
 11431 | D:9      | Noticed a death yak
 12142 | D:9      | Noticed a death yak
 12164 | D:9      | HP: 1/62 [death yak (17)]
 12166 | D:9      | Killed a death yak
 12167 | D:9      | Reached XP level 10. HP: 1/69 MP: 2/19
 12635 | D:8      | Slain by a death yak

Illustrated notes

Levels and vault maps discovered:
D:1:      lemuel_arrival_muddy, layout_basic, minmay_nonomino_d4
D:2:      layout_basic, mrwooster_statue_mirror, bh_walls_and_bars, uniq_terence
D:3:      layout_rooms, ebering_ecumenical_altar_rust, uniq_crazy_yiuf_cottage,
          uniq_jessica
D:4:      layout_loops_ring, minmay_temple_entry_statues_pillars
D:5:      layout_basic, lemuel_coloured_pillars_altar
D:6:      layout_loops_corners, gammafunk_temple_overflow_forgotten,
          mainiacjoe_overflow_boulevard
D:7:      black_bear_nest_2, layout_basic, uniq_pikel
D:8:      layout_rooms, minmay_misc_feat_ornament
D:9:      layout_roguey, nicolae_dithmenos_through_a_glass_darkly,
          dpeg_lair_monsters, uniq_maggie, uniq_gastronok
Temple:   kb_temple_of_zot

Skill      XL: |  1  2  3  4  5  6  7  8  9 |
---------------+----------------------------+-----
Stealth        | 2 |  2.0
Dodging        | 2 |  2.0
Earth Magic    | 1 2 3 5 7 8 |  8.9
Conjurations   | 2 3 4 5 6 |  6.5
Air Magic      | 4 5 6 7 |  7.6
Spellcasting   | 3 4 5 6 |  6.3

Action                   |  1- 3 |  4- 6 |  7- 9 | 10-12 || total
-------------------------+-------+-------+-------+-------++-------
Melee: Unarmed           |    65 |       |       |       ||    65
       Tailslap          |    13 |    12 |    14 |     3 ||    42
       Dagger            |    20 |    42 |   106 |     6 ||   174
       Punch             |     1 |       |       |     1 ||     2
       Spear             |       |       |    11 |       ||    11
 Cast: Shock             |    68 |   167 |   211 |     6 ||   452
       Stone Arrow       |       |       |     5 |       ||     5
 Abil: Breathe Acid      |       |       |     3 |     1 ||     4
  Use: Scroll            |       |       |     7 |       ||     7
 Stab: Sleeping          |       |       |     1 |       ||     1
Armor: Skin              |    20 |    19 |    72 |     1 ||   112
Dodge: Dodged            |    52 |    64 |   102 |     3 ||   221
